 Dungeon Crawl Stone Soup version 0.29.0-4-gdea44cf6ec (webtiles) character file.

Game seed: 2119243594698005590

7 qw the Sneak (level 1, -7/10 HPs)
             Began as a Felid Delver on Aug 27, 2022.
             Was an Initiate of Trog.
             Killed from afar by a white imp (11 damage)
             ... with a puff of frost
             ... on level 5 of the Dungeon.
             The game lasted 00:00:00 (157 turns).

qw the Sneak (Felid Delver)                          Turns: 157, Time: 00:00:01

Health: -7/10      AC:  1    Str:  8    XL:     1   Next: 91%
Magic:  2/2        EV: 17    Int: 11    God:    Trog [......]
Gold:   25         SH:  0    Dex: 17    Spells: 0/0 levels left
                                        Lives:  0   Deaths: 0

rFire   + . .      SeeInvis +     - Unarmed
rCold   . . .      Faith    .   (shield unavailable)
rNeg    . . .      Spirit   .   (body armour unavailable)
rPois   .          Reflect  .   (helmet unavailable)
rElec   .          Harm     .   (cloak unavailable)
rCorr   .          Rampage  .   (gloves unavailable)
Will    .....                   (boots unavailable)
Stlth   +++.......              (no amulet)
HPRegen 0.03/turn               f - ring of protection from fire
MPRegen 0.08/turn               (no ring)

@: quick
A: very small, claws 1, fangs 3, see invisible, speed 1, shaggy fur 1, stealthy
paws, no weapons or thrown items, no armour, multi-lived
a: Renounce Religion


You were on level 5 of the Dungeon.
You worshipped Trog.
Trog was noncommittal.
You visited 2 branches of the dungeon, and saw 2 of its levels.

You collected 25 gold pieces.


Innate Abilities, Weirdness & Mutations

You have sharp claws.
You have razor-sharp teeth.
You have supernaturally acute eyesight. (SInv)
You cover ground quickly. (Speed+)
You are covered in fur. (AC +1)
Your paws help you pounce on unaware monsters.
You are incapable of wielding weapons or throwing items.
You cannot wear armour.
You gain extra lives every three experience levels.


   Skills:
 - Level 3.0 Fighting
 - Level 2.6 Dodging
 - Level 6.6 Stealth
 + Level 2.7 Unarmed Combat


You couldn't memorise any spells.
You didn't know any spells.
Your spell library was empty.

Inventory:

Jewellery
 f - a ring of protection from fire (left paw)
Wands
 e - a wand of digging (3)
Potions
 a - a potion of cancellation {unknown}
 d - a potion of haste

Dungeon Overview and Level Annotations

Branches:
Dungeon (5/15)             Temple (1/1) D:5

Altars:
Ashenzari
Elyvilon
Fedhas
Gozag
Hepliaklqana
Kikubaaqudgha
Makhleb
Okawaru
Ru
Sif Muna
Trog
Vehumet
Xom
Yredelemnul
Zin
The Shining One

Shops:
D:5 (


Message History

Press < or > to pray at altars.
Press < or > to pray at altars.
Found a hazy altar of Hepliaklqana.
Enter note:
There is a burning altar of Makhleb here.
Found an ancient bone altar of Kikubaaqudgha.
Enter note:
There is a glowing golden altar of the Shining One here.
There is a sacrificial altar of Ru here.
Found a blossoming altar of Fedhas.
Done exploring.
134 ||| PLANNING D:1-11 Done exploring.
134 ||| READING scroll labelled OMOSIL VIBBAE.
As you read the scroll labelled OMOSIL VIBBAE, it crumbles to dust.
It is a scroll of identify.
You don't have any unidentified items.
Done exploring.
(D) Dungeon (T) Temple
Where to? (* - list waypoints, Enter - Temple @ (x,y), ? - help)
What level of the Dungeon? (default 5, ? - help)
There is a staircase back to the Dungeon here.
You climb upwards.
There is a staircase to the Ecumenical Temple here.
a - a white potion You open the door. 2 white imps come into view.
There is an open door here.
The helpless white imp fails to defend itself.
You mangle the white imp!!
You kill the white imp!
Trog accepts your kill.
The white imp shouts, "Back with thee, thou droning sow-suckled deadneck!"
The white imp gestures at you. The puff of frost hits you.
Ouch! That really hurt!
The white imp gestures at you. The puff of frost hits you!
Ouch! That really hurt!
You die...

#. ##.## .....
.....####
........######
......P......
...........#
......(.>..###########.
#....P....'...@.5.....
#.........###########.
#.........# #.........#
###.........#
............#
####..?....# #.......#
###.......#


You could see a white imp.

Vanquished Creatures
  A white imp (D:5)
1 creature vanquished.

Notes
Turn   | Place    | Note
-------+----------+-------------------------------------------
     0 | D:5      | qw the Felid Delver began the quest for the Orb.
     0 | D:5      | Reached XP level 1. HP: 10/10 MP: 2/2
     0 | D:5      | 0 ||| qw: Version: 0.1-a-89-g26bdef1
     0 | D:5      | 0 ||| qw: Game counter: 92
     0 | D:5      | 0 ||| qw: Always use a shield: true
     0 | D:5      | 0 ||| qw: God list: Okawaru, Trog
     0 | D:5      | 0 ||| qw: Allow faded altars: false
     0 | D:5      | 0 ||| qw: Do Orc after D:15 true
     0 | D:5      | 0 ||| qw: Do second Lair branch before Depths: true
     0 | D:5      | 0 ||| qw: Lair rune preference: random
     0 | D:5      | 0 ||| qw: Plans: Normal
     0 | D:5      | 0 ||| PLANNING D:1-11
    41 | D:5      | Found Muduneba's Weapon Boutique.
    59 | D:5      | Found a staircase to the Ecumenical Temple.
    60 | D:5      | 60 ||| PLANNING TEMPLE
    60 | D:5      | 60 ||| UPGRADING to ring of protection from fire.
    61 | D:5      | 61 ||| DROPPING scroll of fog.
    62 | D:5      | 62 ||| DROPPING scroll of magic mapping.
    63 | D:5      | 63 ||| DROPPING scroll of fear.
    73 | Temple   | Entered the Ecumenical Temple
    77 | Temple   | Became a worshipper of Trog the Wrathful
   134 | Temple   | 134 ||| PLANNING D:1-11
   134 | Temple   | 134 ||| READING scroll labelled OMOSIL VIBBAE.
   157 | D:5      | Killed from afar by a white imp

Levels and vault maps discovered:
D:5:      layout_basic, mainiacjoe_overflow_two_lobes,
          minmay_temple_entry_overgrown, serial_shops, shop_fountains,
          minmay_misc_feat_square
Temple:   nicolae_temple_x_marks_the_god

Action                   || total
-------------------------++-------
Melee: Unarmed           ||     1
  Use: Scroll            ||     1
 Stab: Sleeping          ||     1

Table legend:
 A = Non-vault XP
 B = Vault XP
 C = Vault XP percentage of total XP
 D = Non-vault monster count
 E = Vault monster count
 F = Vault count percentage of total count
                 A         B        C        D         E       F
            +---------+---------+-------+---------+---------+-------
      Total |      11 |       0 |   0.0 |       1 |       0 |   0.0
            +---------+---------+-------+---------+---------+-------
        D:5 |      11 |       0 |   0.0 |       1 |       0 |   0.0
            +---------+---------+-------+---------+---------+-------
